 Dungeon Crawl Stone Soup version bcrawl-1.12-11-gb93c957c58 (webtiles) character file.

Game seed: 557532896358346581

25 MisterOstroum the Skirmisher (level 2, -5/24 HPs)
             Began as a Demonspawn Chaos Knight on June 26, 2019.
             Was a Plaything of Xom.
             Slain by Crazy Yiuf the swamp drake (12 damage)
             ... on level 2 of the Dungeon.
             The game lasted 00:02:33 (1386 turns).

MisterOstroum the Skirmisher (DsCK)                 Turns: 1386, Time: 00:02:34

Health: -5/24      AC:  6    Str: 12    XL:     2   Next: 82%
Magic:  2/2        EV: 10    Int: 13    God:    Xom [.....*]
Gold:   59         SH:  0    Dex: 14    Spells: 1/1 levels left

rFire    . . .     SeeInvis .   a - +0 spear (chaos)
rCold    . . .     Gourm    .   m - +0 buckler
rNeg     . . .     Faith    .   b - +2 leather armour
rPois    .         Spirit   .   (no helmet)
rElec    .         Reflect  .   (no cloak)
rCorr    .         Harm     .   f - +0 pair of gloves
MR       .....                  (no boots)
Stlth    +.........             (no amulet)
HPRegen  0.08/turn              (no ring)
MPRegen  0.08/turn              (no ring)

@: confused, cleaving, very slightly contaminated, invisible
A: agile 1, powered by death 1
a: Renounce Religion


You were on level 2 of the Dungeon.
You worshipped Xom.
You were Xom's teddy bear.
You were not hungry.

You visited 1 branch of the dungeon, and saw 2 of its levels.

You collected 59 gold pieces.

Inventory:

Hand Weapons
 a - a +0 spear of chaos (weapon)
Missiles
 h - 369 stones (quivered)
 q - 71 javelins
 r - 129 tomahawks
Armour
 b - a +2 leather armour (worn)
 f - a +0 pair of gloves (worn)
 g - a +2 robe of fire resistance
 i - a +0 ring mail
 m - a +0 buckler (worn)
Jewellery
 n - a +3 ring of dexterity {unknown}
 t - an uncursed ring of flight {unknown}
Scrolls
 c - 2 scrolls of enchant weapon {unknown}
 j - 2 scrolls of teleportation {unknown}
 l - 3 scrolls of identify {unknown}
 p - 2 scrolls of remove curse {unknown}
Potions
 k - a potion of heal wounds {@q2 !q}
Comestibles
 e - 4 rations {!d}
 o - 2 chunks of flesh


   Skills:
 * Level 3.5 Fighting
 * Level 3.2 Polearms
 - Level 1.7 Armour
 - Level 0.8 Dodging
 + Level 0.3 Shields


You had one spell level left.
You didn't know any spells.
Your spell library was empty.

Dungeon Overview and Level Annotations

Branches:
Dungeon (2/12)

Altars:
Nemelex Xobeh
Yredelemnul

Annotations:
D:2 Crazy Yiuf


Innate Abilities, Weirdness & Mutations

You regenerate a little health from kills.
You are agile. (Dex +2)


Message History

The hobgoblin is moderately wounded.
The hobgoblin hits you.
You hit the hobgoblin.
The hobgoblin is poisoned.
The hobgoblin is almost dead.
The hobgoblin barely misses you.
You hit the hobgoblin but do no damage.
Space warps horribly around the hobgoblin!!
You kill the hobgoblin!
No target in view!
No target in view!
No target in view!
No target in view!
No target in view!
No target in view!
You butcher the hobgoblin corpse.
o - 2 chunks of flesh You see here a hobgoblin skeleton. x2 "You need some minor adjustments, mortal!"
Your body is suffused with distortional energy.
You feel agile.
Key pressed, stopping explore.
No target in view!
No target in view!
You see here a +0 dagger.
Partly explored, unopened runed door.
You open the door.
Crazy Yiuf the Enlightened comes into view.
He is wielding a +4 quarterstaff of chaos.
Found a mace.
Throwing (i - inventory. (/) - cycle)
h - 370 stones (quivered)
Press: ? - help, Shift-Dir - straight line, f - Crazy Yiuf
Aim: Crazy Yiuf, wielding a +4 quarterstaff of chaos and wearing a +0 cloak You throw a stone.
The stone barely misses Crazy Yiuf.
Attack whom?
Press: ? - help, Dir - move target cursor, f/p - Crazy Yiuf
Aim: Crazy Yiuf, wielding a +4 quarterstaff of chaos and wearing a +0 cloak You reach to attack!
You hit Crazy Yiuf but do no damage.
Crazy Yiuf evaporates and reforms as a swamp drake! "Go forth and cause havoc, mortal!"
Your +0 spear of chaos looks sharp.
Attack whom?
Press: ? - help, Dir - move target cursor, f/p - Crazy Yiuf
Aim: Crazy Yiuf the swamp drake You reach to attack!
You closely miss Crazy Yiuf.
Attack whom?
Press: ? - help, Dir - move target cursor, f/p - Crazy Yiuf
Aim: Crazy Yiuf the swamp drake
Okay, then.
You hit Crazy Yiuf but do no damage. Crazy Yiuf closely misses you.
You hit Crazy Yiuf. You freeze Crazy Yiuf.
Crazy Yiuf is moderately wounded.
Crazy Yiuf bites you.
You closely miss Crazy Yiuf.
Crazy Yiuf is moderately wounded.
Crazy Yiuf bites you!
You hit Crazy Yiuf but do no damage.
Crazy Yiuf is moderately wounded.
Crazy Yiuf closely misses you.
You hit Crazy Yiuf.
Crazy Yiuf is poisoned.
Crazy Yiuf is moderately wounded.
Crazy Yiuf bites you!
* * * LOW HITPOINT WARNING * * *
You emit a cloud of colourful smoke!
It was a potion of heal wounds.
You feel much better.
Xom thinks this is hilarious!
Crazy Yiuf barely misses you.
You hit Crazy Yiuf but do no damage.
Crazy Yiuf looks as sick as possible!
Crazy Yiuf is moderately wounded.
Crazy Yiuf breathes noxious fumes at you.
The noxious blast engulfs you!
You hit Crazy Yiuf but do no damage.
Crazy Yiuf flickers and vanishes!
Deactivating autopickup; reactivate with Ctrl-A.
You are engulfed in noxious fumes.
You choke on the stench!
You are confused.
Something bites you.
It was a potion of curing.
You feel better.
You are engulfed in noxious fumes.
You choke on the stench!
You are confused.
Something bites you!
A shower of butterflies erupts from you!
It was a potion of invisibility.
You fade into invisibility!
Xom roars with laughter!
You choke on the stench!
You are more confused.
Something bites you.
* * * LOW HITPOINT WARNING * * *
You are very lightly contaminated with residual magic.
Are you sure you want to stumble around while confused and next to your butterfly?
Okay, then.
Are you sure you want to stumble around while confused and next to your butterfly?
You bump into the stone wall.
Something bites you but does no damage.
Are you sure you want to stumble around while confused and next to your butterfly?
You bump into the rock wall.
A noxious blast appears from out of thin air!
The noxious blast engulfs you!
You bump into the rock wall.
You choke on the stench!
You are more confused.
Something bites you!
Ouch! That really hurt!
You die...

#....# #.# #..###
### #####..###
#........# ##### #
#.####.### #)b.# #
#.# #.# #b..# # #.#
#.# .)b # #.# #)#
#{# # #.# #.# #@## #
#.# #.# ##b# # #.#
#.# #b## # #.# #.#
##.# # #.# #.# ##.##
###.# #.# ##...#
....# #.### #....#
########...# #....#
........>#.#####..##


There were no monsters in sight!

Vanquished Creatures
  A worm (D:2)
  A leopard gecko (D:1)
  A giant cockroach (D:1)
  2 hobgoblins (D:2)
  2 bats (D:1)
  4 goblins
  8 kobolds
  A rat (D:1)
20 creatures vanquished.

Notes
Turn   | Place    | Note
-------+----------+-------------------------------------------
     0 | D:1      | MisterOstroum the Demonspawn Chaos Knight began the quest
                  | for the Orb.
     0 | D:1      | Reached XP level 1. HP: 18/18 MP: 1/1
   118 | D:1      | XOM: harmless Necr miscast
   274 | D:1      | XOM: divination: detect creatures
   312 | D:1      | XOM: potion effect (invisibility)
   467 | D:1      | Gained mutation: You regenerate a little health from kills.
                  | [demonic ancestry]
   467 | D:1      | Reached XP level 2. HP: 24/24 MP: 2/2
   543 | D:1      | XOM: cloud trail
   565 | D:1      | XOM: harmless Erth miscast
   592 | D:2      | Found a sparkling altar of Nemelex Xobeh.
   710 | D:2      | XOM: divination: detect creatures
   777 | D:2      | XOM: noise
   885 | D:2      | XOM: harmless Hex miscast
   903 | D:2      | Found a basalt altar of Yredelemnul.
  1060 | D:2      | XOM: silly message
  1170 | D:2      | Found a runed door.
  1330 | D:2      | XOM: give mutation
  1330 | D:2      | Gained mutation: You are agile. (Dex +2) [Xom's grace]
  1370 | D:2      | Noticed Crazy Yiuf
  1372 | D:2      | Noticed Crazy Yiuf
  1372 | D:2      | Crazy Yiuf changed into Crazy Yiuf the swamp drake
  1372 | D:2      | XOM: cleaving
  1378 | D:2      | XOM: smoke on damage
  1382 | D:2      | XOM: butterfly on damage
  1386 | D:2      | Slain by Crazy Yiuf the swamp drake

Skill      XL: |  1 |
---------------+----+-----
Polearms       | 3 |  3.2
Fighting       | |  3.5
Armour         | |  1.7
Dodging        | |  0.8
Shields        | |  0.3

Action                   || total
-------------------------++-------
Melee: Spear             ||    60
Throw: Stone             ||    64
  Use: Potion            ||     3
 Stab: Sleeping          ||     1
  Eat: Chunk             ||     1
Armor: Leather armour    ||    14
Dodge: Dodged            ||    19
Block: Buckler           ||     2
